 Dungeon Crawl Stone Soup version 0.28.0 (webtiles) character file.

Game seed: 11992525255086881371

15104 SnakkuSnakku7 the Thaumaturge (level 12, -4/91 HPs)
             Began as a Djinni Gladiator on Feb 10, 2022.
             Slain by a yak (5 damage)
             ... while petrified by a basilisk
             ... on level 2 of the Lair of Beasts.
             The game lasted 00:22:37 (14175 turns).

SnakkuSnakku7 the Thaumaturge (Djinni Gladiator)   Turns: 14175, Time: 00:22:37

Health: -4/91      AC: 10    Str: 13    XL:     12   Next: 53%
Gold:   1569       EV:  2    Int: 16    God:
                   SH:  0    Dex: 14

rFire   + + .      SeeInvis .   b - staff of conjuration
rCold   x . .      Faith    .   (no shield)
rNeg    + + +      Spirit   .   q - +0 acid dragon scales
rPois   ∞          Reflect  .   A - +1 helmet
rElec   .          Harm     .   H - +1 cloak
rCorr   +          Rampage  .   (no gloves)
Will    ++...                   (boots unavailable)
Stlth   +.........              D - amulet of the acrobat
HPRegen 0.25/turn               C - ring of willpower
MPRegen 0.00/turn               f - +4 ring of evasion

@: petrified, flying
A: sickness immunity, fire resistance 2, cold vulnerability 1, float, innate
caster, HP casting, extra vitality 1
a: no special abilities


You were on level 2 of the Lair of Beasts.
You visited 2 branches of the dungeon, and saw 12 of its levels.
You also visited: Bailey.

You collected 1569 gold pieces.

Inventory:

Hand Weapons
 a - a +3 lajatang of electrocution
Missiles
 d - 2 throwing nets
 L - 5 curare-tipped darts
Armour
 j - a +2 robe of resistance
 q - +0 acid dragon scales (worn)
 A - a +1 helmet (worn)
 H - a +1 cloak (worn)
Magical Staves
 b - a staff of conjuration (weapon)
Jewellery
 f - a +4 ring of evasion (right hand)
 u - an amulet of reflection
 y - a ring of wizardry
 C - a ring of willpower (left hand)
 D - an amulet of the acrobat (around neck)
Wands
 s - a wand of flame (26)
 w - a wand of polymorph (6)
Scrolls
 c - a scroll of noise {unknown}
 k - 2 scrolls of immolation {unknown}
 n - 2 scrolls of teleportation
 v - 3 scrolls of fog
 z - a scroll of magic mapping
 E - a scroll of torment {unknown}
 J - a scroll of silence {unknown}
 K - a scroll of summoning
Potions
 e - 2 potions of brilliance
 g - 3 potions of berserk rage {unknown}
 h - a potion of resistance
 i - 3 potions of might {unknown}
 m - 3 potions of attraction
 o - 4 potions of haste
 p - 7 potions of mutation
 r - 2 potions of magic {unknown}
 t - 2 potions of invisibility {unknown}
 x - 4 potions of cancellation
 F - a potion of degeneration {unknown}
 G - a potion of curing
 I - a potion of lignification {unknown}
Miscellaneous
 B - a box of beasts


   Skills:
 - Level 10.0 Fighting
 - Level 2.6 Staves
 - Level 1.5 Throwing
 + Level 8.5 Dodging
 - Level 12.0 Spellcasting


You had 22 spell levels left.
You knew the following spells:

 Your Spells              Type           Power      Damage    Failure   Level
a - Sting                 Tmut/Pois      100%       1d8       1%          1
b - Scorch                Fire           96%        2d9       1%          2
c - Poisonous Vapours     Pois/Air       96%        N/A       1%          2
d - Flame Wave            Conj/Fire      64%        2d12      1%          4
e - Animate Dead          Necr           24%        N/A       1%          4
Your spell library was empty.

Dungeon Overview and Level Annotations

Branches:
Dungeon (10/15)            Temple (0/1) D:6            Lair (2/6) D:8
    Orc (0/2) D:9          Bailey (visited)
  Swamp: Lair:2-4    Shoals: Lair:2-4     Snake: Lair:2-4    Spider: Lair:2-4

Altars:
Ashenzari
Cheibriados
Dithmenos
Fedhas
Gozag
Nemelex Xobeh
Okawaru
Qazlal
Ru
Sif Muna
Trog
Vehumet
The Shining One

Portals:
Trove: D:10 (give 4 scrolls of blinking)

Annotations:
D:8 exclusion: orange crystal statue


Innate Abilities, Weirdness & Mutations

You are immune to sickness and miasma.
You are immune to poison.
Your flesh is very heat resistant. (rF++)
You are vulnerable to cold. (rC-)
You float through the air rather than walking.
You learn spells naturally, not from books.
Your magical power is your life essence.
You have superior vitality. (+4 MHP)


Message History

The cane toad stops moving altogether!
The basilisk bites you but does no damage.
The cane toad is engulfed in calcifying dust.
The water moccasin is engulfed in calcifying dust.
The water moccasin stops moving altogether!
The yak gores you!
* * * LOW HITPOINT WARNING * * *
You are engulfed in calcifying dust.
The water moccasin is engulfed in calcifying dust.
The cane toad is engulfed in calcifying dust.
The water moccasin is engulfed in calcifying dust.
The cane toad is engulfed in calcifying dust.
The basilisk gazes at you. You resist with almost no effort. The yak gores you!
* * * LOW HITPOINT WARNING * * *
You are engulfed in calcifying dust.
The water moccasin is engulfed in calcifying dust.
The cane toad is engulfed in calcifying dust.
The water moccasin is engulfed in calcifying dust.
The cane toad is engulfed in calcifying dust.
The basilisk gazes at you. You resist with almost no effort.
The water moccasin is engulfed in calcifying dust.
The yak gores you.
A yak comes into view.
You are engulfed in calcifying dust.
The yak bellows!
You hear a bellow!
The basilisk bites you but does no damage.
The yak gores you.
* * * LOW HITPOINT WARNING * * *
A nearby fungus withers and dies.
A yak comes into view.
The basilisk bites you!
* * * LOW HITPOINT WARNING * * *
The yak gores you.
* * * LOW HITPOINT WARNING * * *
The basilisk bites you!
* * * LOW HITPOINT WARNING * * *
The yak gores you!
You die...

#### #..# #.P #.#
#####.####
###.##...#Y##.#..
#......†l@SFYY...
##.##...#.##Y..##
#####.#### .##
#..## .# # ##..#
#.#
###..#k####..#####
#.......†.Yl......
#P.#####....k.##..
# ##F.#P##


You could see a catoblepas, 3 yaks, a cane toad (petrified), a basilisk and a
water moccasin (petrified).

Vanquished Creatures
  An orc warlord (Bailey)
  A hydra (Lair:2)
  A two-headed ogre (D:5)
  2 orc knights (Bailey)
  Pikel (D:7)
  Maggie (D:7)
  2 black mambas
  A rime drake (Lair:2)
  A komodo dragon (Lair:1)
  3 cane toads
  2 hornets
  2 wyverns
  A wraith (D:10)
  A basilisk (Lair:1)
  23 yaks
  A steam dragon (D:8)
  2 wargs (D:8)
  Menkaure (D:4)
  4 water moccasins
  Duvessa (D:7)
  An ice beast (D:6)
  4 orc warriors
  2 black bears
  2 necrophages
  5 ogres
  3 centaurs (D:7)
  A lemure (D:7)
  A phantom (D:4)
  A gnoll sergeant (D:7)
  7 bullfrogs
  A scorpion (D:5)
  A wyvern zombie (D:8)
  Dowan (D:7)
  8 wights (D:8)
  9 killer bees
  3 howler monkeys (D:9)
  A bullfrog zombie (D:5)
  A centaur zombie (D:7)
  3 hounds
  A jelly (D:7)
  Crazy Yiuf (D:5)
  A centaur skeleton (D:7)
  5 orc priests
  An iron imp (D:5)
  An iguana (D:5)
  12 orc wizards
  A killer bee zombie (D:3)
  Robin (D:3)
  9 gnolls
  A howler monkey skeleton (D:6)
  6 adders
  2 white imps (D:6)
  2 worms
  4 dart slugs
  31 orcs
  5 endoplasms
  3 giant cockroaches
  17 goblins
  11 hobgoblins
  8 jackals
  A quokka (D:2)
  5 ball pythons
  8 bats
  2 frilled lizards
  14 kobolds
  3 rats
263 creatures vanquished.

Vanquished Creatures (others)
  11 fungi
  6 plants (Lair:2)
  4 toadstools (D:8)
21 creatures vanquished.

Grand Total: 284 creatures vanquished

Notes
Turn   | Place    | Note
-------+----------+-------------------------------------------
     0 | D:1      | SnakkuSnakku7 the Djinni Gladiator began the quest for the
                  | Orb.
     0 | D:1      | Reached XP level 1. HP: 18/18 MP: 0/0
   249 | D:1      | Reached skill level 1 in Spellcasting
   249 | D:1      | Reached XP level 2. HP: 18/23 MP: 0/0
   527 | D:1      | Reached XP level 3. HP: 26/28 MP: 0/0
   527 | D:1      | Learned a level 1 spell: Sting
   685 | D:1      | Reached skill level 2 in Spellcasting
  1301 | D:2      | Reached XP level 4. HP: 23/33 MP: 0/0
  2007 | D:3      | Found a faded altar of an unknown god.
  2431 | D:3      | Noticed Robin
  2441 | D:3      | Reached skill level 3 in Spellcasting
  2462 | D:3      | Reached XP level 5. HP: 20/38 MP: 0/0
  2462 | D:3      | Learned a level 2 spell: Scorch
  2526 | D:3      | Killed Robin
  2703 | D:3      | Found an iron altar of Okawaru.
  3117 | D:4      | Noticed Menkaure
  3128 | D:4      | Killed Menkaure
  3129 | D:4      | Reached skill level 4 in Spellcasting
  3129 | D:4      | Reached XP level 6. HP: 17/43 MP: 0/0
  3331 | D:4      | Found a bloodstained altar of Trog.
  3503 | D:4      | Noticed a necrophage
  3506 | D:4      | Killed a necrophage
  3533 | D:4      | Reached skill level 5 in Spellcasting
  3533 | D:4      | Reached XP level 7. HP: 32/49 MP: 0/0
  3533 | D:4      | Learned a level 2 spell: Poisonous Vapours
  3911 | D:4      | Found a stormy altar of Qazlal.
  4517 | D:5      | Entered Level 5 of the Dungeon
  4598 | D:5      | Found a blossoming altar of Fedhas.
  4638 | D:5      | Found a snail-covered altar of Cheibriados.
  4654 | D:5      | Reached skill level 6 in Spellcasting
  4884 | D:5      | Reached XP level 8. HP: 45/54 MP: 0/0
  4890 | D:5      | Found a shadowy altar of Dithmenos.
  5073 | D:5      | Noticed a two-headed ogre
  5113 | D:5      | Killed a two-headed ogre
  5114 | D:5      | Reached skill level 8 in Spellcasting
  5114 | D:5      | Reached XP level 9. HP: 11/58 MP: 0/0
  5114 | D:5      | Learned a level 4 spell: Flame Wave
  5724 | D:5      | Found a runed translucent door.
  5725 | D:5      | Noticed Crazy Yiuf
  5733 | D:5      | Killed Crazy Yiuf
  6320 | D:6      | Found a staircase to the Ecumenical Temple.
  6491 | D:6      | Found a broken altar of Ashenzari.
  6503 | D:6      | Reached skill level 9 in Spellcasting
  7330 | D:7      | Noticed Pikel
  7354 | D:7      | Killed Pikel
  7355 | D:7      | Reached skill level 10 in Spellcasting
  7355 | D:7      | Reached XP level 10. HP: 35/64 MP: 0/0
  7380 | D:7      | Noticed Duvessa
  7598 | D:7      | Found a flagged portal.
  7612 | D:7      | Noticed Dowan
  7619 | Bailey   | Entered a bailey
  7649 | Bailey   | Noticed an orc warlord
  7711 | Bailey   | Noticed an orc knight
  7783 | Bailey   | Killed an orc knight
  7949 | Bailey   | Noticed an orc knight
  7955 | Bailey   | Noticed an orc knight
  7976 | Bailey   | Killed an orc knight
  7977 | Bailey   | Reached skill level 11 in Spellcasting
  8060 | Bailey   | Found a runed translucent gate.
  8060 | Bailey   | Found a runed translucent gate.
  8060 | Bailey   | Found a runed translucent gate.
  8186 | Bailey   | Killed an orc warlord
  8316 | Bailey   | Acquired a +1 lajatang of electrocution
  8345 | D:7      | Killed Duvessa
  8570 | D:7      | Noticed Maggie
  8585 | D:7      | Killed Maggie
  8586 | D:7      | Reached skill level 12 in Spellcasting
  8586 | D:7      | Reached XP level 11. HP: 49/70 MP: 0/0
  8586 | D:7      | Learned a level 4 spell: Animate Dead
  8782 | D:7      | Killed Dowan
  9141 | D:7      | Found a sparkling altar of Nemelex Xobeh.
  9646 | D:8      | Reached skill level 5 in Fighting
 10052 | D:8      | Found a staircase to the Lair.
 10332 | D:8      | Noticed an orange crystal statue
 10496 | D:9      | Acquired 866 gold pieces
 10625 | D:9      | Found a staircase to the Orcish Mines.
 11345 | D:10     | Entered Level 10 of the Dungeon
 11427 | D:10     | Found a glowing golden altar of the Shining One.
 11428 | D:10     | Found a sacrificial altar of Ru.
 11429 | D:10     | Found an opulent altar of Gozag.
 12531 | D:10     | Found a portal to a secret trove of treasure.
 12721 | D:10     | Reached XP level 12. HP: 86/91 MP: 0/0
 12896 | Lair:1   | Entered Level 1 of the Lair of Beasts
 13007 | Lair:1   | Reached skill level 10 in Fighting
 13135 | Lair:1   | Identified the +2 scale mail "Famubeg" {Rampage}
 13339 | Lair:1   | Reached skill level 5 in Dodging
 13839 | Lair:2   | Noticed an eight-headed hydra
 13847 | Lair:2   | Killed an eight-headed hydra
 14168 | Lair:2   | Noticed a catoblepas
 14175 | Lair:2   | HP: 1/91 [basilisk (6)]
 14175 | Lair:2   | Slain by a yak

Illustrated notes

Levels and vault maps discovered:
D:1:      minmay_arrival_jagged, layout_rooms
D:2:      layout_basic, minivault_27, hex_tiny, eino_tiny_chamber,
          kennysheep_generic_room_11
D:3:      layout_basic, okawaru_altar_gauntlet_db,
          chequers_ecumenical_altar_island, minmay_starry_boxes, uniq_robin
D:4:      layout_cave_pods, trog_three_pillars_becter, kennysheep_mini,
          old_standard_altar, old_standard_altar, uniq_menkaure
D:5:      layout_loops_ring, lemuel_crystal_altar, grunt_dithmenos_smoke,
          slow_altar_1, uniq_crazy_yiuf_cottage
D:6:      layout_basic, nicolae_overflow_hidden_temple,
          minmay_temple_entry_mini_moons, corner_web_ring
D:7:      layout_loops_ring, mainiacjoe_overflow_six_doors_small,
          enter_bailey_2, minmay_quadrilaterals, uniq_maggie, uniq_duvessa,
          uniq_pikel
D:8:      minmay_statue_hallways, layout_rooms, erik_lair_orcish_takeover,
          minmay_misc_feat_enclosed, kennysheep_doodads, minivault_19,
          minmay_gold_behind_fungi
D:9:      layout_long_grid, orc_0_dummy
D:10:     layout_basic, grunt_temple_overflow_open, nicolae_trove_entry_diagonal
Lair:1:   layout_regular_city
Lair:2:   layout_small_grid

Skill      XL: |  1  2  3  4  5  6  7  8  9 10 11 12 |
---------------+-------------------------------------+-----
Spellcasting   | 1 2 3 4 5 6 8 10 12 | 12.0
Fighting       | 9 10 | 10.0
Dodging        | 8 |  8.5
Staves         | |  2.6
Throwing       | |  1.5

Action                   |  1- 3 |  4- 6 |  7- 9 | 10-12 || total
-------------------------+-------+-------+-------+-------++-------
Melee: Quarterstaff      |   105 |   105 |    82 |    35 ||   327
       Lajatang          |       |       |       |    88 ||    88
       Staff             |       |       |       |    45 ||    45
Throw: Throwing net      |       |       |     1 |       ||     1
 Cast: Sting             |     3 |    11 |       |       ||    14
       Scorch            |       |    13 |    20 |    33 ||    66
       Poisonous Vapours |       |       |    34 |    48 ||    82
       Flame Wave        |       |       |    13 |    39 ||    52
  Use: Scroll            |       |       |     9 |     8 ||    17
       Potion            |       |       |     4 |     1 ||     5
 Stab: Paralysed         |       |       |     1 |       ||     1
       Distracted        |       |       |       |     2 ||     2
Armor: Leather armour    |    31 |    41 |    31 |       ||   103
       Robe              |       |       |       |    19 ||    19
       Acid dragon scale |       |       |       |    49 ||    49
Dodge: Dodged            |    87 |    90 |    94 |   322 ||   593
